 Dungeon Crawl Stone Soup version 0.30.1-11-g7821555f0a (webtiles) character file.

Game seed: 14814045754522978860

458 Taita the Magician (level 7, 0/48 HPs)
             Began as a Djinni Fire Elementalist on Dec 11, 2023.
             Was a Believer of Ru.
             Slain by an iguana (14 damage)
             ... on level 5 of the Dungeon.
             The game lasted 00:13:32 (3631 turns).

Taita the Magician (Djinni Fire Elementalist)       Turns: 3631, Time: 00:13:32

Health: 0/48       AC:  2    Str:  7    XL:     7   Next: 27%
Gold:   168        EV: 13    Int: 18    God:    Ru [**....] SH:  0 Dex: 14

rFire   + + .        k - +2 whip (elec)
rCold   x . .        (no shield)
rNeg    . . .        a - +0 robe
rPois   ∞            (no helmet)
rElec   .            (no cloak)
rCorr   +            (no gloves)
SInv    .            (boots unavailable)
Will    .....        j - amulet of the acrobat
Stlth   ++           h - ring of resist corrosion
HPRegen 0.28/turn    (no ring)
MPRegen 0.00/turn

%: acrobat, infuse magic (-1 HP)
@: flying
A: sickness immunity, fire resistance 2, cold vulnerability 1, hated by all,
float, innate caster, HP casting, extra vitality 1
a: Renounce Religion


You were on level 5 of the Dungeon.
You worshipped Ru.
Ru was pleased with you.
You visited 1 branch of the dungeon, and saw 5 of its levels.

You collected 168 gold pieces.

Inventory:

Hand Weapons
 k - a +2 whip of electrocution (weapon)
Armour
 a - a +0 robe (worn)
Jewellery
 h - a ring of resist corrosion (left hand)
 j - an amulet of the acrobat (around neck)
Wands
 n - a wand of light (6)
Scrolls
 b - a scroll of blinking
 c - a scroll of immolation
 e - a scroll of teleportation
 f - 2 scrolls of noise {unknown}
 g - a scroll of brand weapon
 l - 3 scrolls of enchant armour {unknown}
 p - a scroll of vulnerability {unknown}
Potions
 i - a potion of invisibility {unknown}
 m - 3 potions of curing {unknown}
 o - a potion of might {unknown}
 q - a potion of flight {unknown}


   Skills:
 * Level 1.9 Fighting
 * Level 1.1 Maces & Flails
 * Level 2.0 Armour
 * Level 3.1 Dodging
 * Level 2.6 Stealth
 * Level 4.5 Spellcasting
 * Level 0.8 Evocations


You knew the following spells:

 Your Spells              Type           Power      Damage    Failure   Level
a - Foxfire               Conj/Fire      80%        2x1d8     2%          1
b - Scorch                Fire           40%        2d7       3%          2
c - Volatile Blastmotes   Fire/Tloc      40%        2d13      7%          3
d - Inner Flame           Hex/Fire       20%        N/A       7%          3
e - Flame Wave            Conj/Fire      20%        2d7       22%         4
f - Freeze                Ice            80%        1d9       2%          1
g - Ensorcelled Hibernat  Hex/Ice        40%        N/A       3%          2
h - Static Discharge      Conj/Air       40%        2-4/arc   3%          2
Your spell library was empty.

Dungeon Overview and Level Annotations

Branches:
Dungeon (5/15)
 Temple: D:4-7

Altars:
Nemelex Xobeh
Ru
Xom


Innate Abilities, Weirdness & Mutations

You are immune to sickness and miasma.
You are immune to poison.
Your flesh is very heat resistant. (rF++)
You are vulnerable to cold. (rC-)
You are hated by all.
You float through the air rather than walking.
You learn spells naturally, not from books.
Your magical power is your life essence.
You have superior vitality. (+4 MHP)


Message History

Confirm with . or Enter, or press ? or * to list all spells.
You conjure some foxfire!
The scorpion stings you.
* * * LOW HITPOINT WARNING * * *
You closely miss the scorpion.
The scorpion is moderately wounded.
The foxfire hits the scorpion.
The scorpion is moderately wounded.
The foxfire hits the scorpion.
The scorpion is burned terribly!
The scorpion is severely wounded.
The scorpion misses you. The scorpion stings you.
* * * LOW HITPOINT WARNING * * *
Casting: Scorch (safe; 3% risk of failure)
Press: ? - help, Q - select action, (/) - cycle Dir - look around, f - activate Flames lash the scorpion.
The scorpion is burned terribly!
The scorpion is almost dead.
* * * LOW HITPOINT WARNING * * *
You hear an angry hiss.
The scorpion misses you.
You barely miss the scorpion.
The scorpion is almost dead.
The scorpion closely misses you.
You closely miss the scorpion.
The scorpion is almost dead.
The scorpion stings you.
* * * LOW HITPOINT WARNING * * *
An iguana comes into view.
You feel much better. The scorpion stings you.
Casting: Scorch (safe; 3% risk of failure)
Press: ? - help, Q - select action, (/) - cycle Dir - look around, f - activate Flames lash the iguana but do no damage.
The scorpion is no longer more vulnerable to fire.
The scorpion stings you but does no damage.
The scorpion stings you!
Casting: Scorch (safe; 3% risk of failure)
Press: ? - help, Q - select action, (/) - cycle Dir - look around, f - activate Flames lash the scorpion.
You kill the scorpion!
* * * LOW HITPOINT WARNING * * *
The iguana bites you!
You die...

.. # .##...##### #.#
#.. #...#.... #..
#.###.....## ≈
#.##.##.......## ..
#...)).......... #.#
##)............#
#...##)###)).......#
#....# #l).......#
#...<# #.@........
....................#
.....................
...#g###..#.........#
..##. #.##.........#
.. .. #.##.........
#. .g###........ # ##
##.....##


You could see an iguana.

Vanquished Creatures
  A phantom (D:5)
  A scorpion (D:5)
  A gnoll bouda (D:5)
  2 jellies
  A sleepcap (D:4)
  An iguana (D:4)
  Robin (D:2)
  7 gnolls
  4 adders
  2 dart slugs (D:1)
  11 orcs
  8 endoplasms
  2 giant cockroaches
  18 goblins
  8 hobgoblins
  11 jackals
  6 quokkas
  6 ball pythons
  6 bats
  A frilled lizard (D:3)
  9 kobolds
  5 rats
112 creatures vanquished.

Vanquished Creatures (others)
  17 foxfires
17 creatures vanquished.

Grand Total: 129 creatures vanquished

Notes
Turn   | Place    | Note
-------+----------+-------------------------------------------
     0 | D:1      | Taita the Djinni Fire Elementalist began the quest for the
                  | Orb.
     0 | D:1      | Taita set off with the following spells memorised: Foxfire,
                  | Scorch, Volatile Blastmotes, Inner Flame, Flame Wave.
     0 | D:1      | Reached XP level 1. HP: 15/15 MP: 0/0
   196 | D:1      | Reached XP level 2. HP: 21/21 MP: 0/0
   462 | D:2      | Reached XP level 3. HP: 21/26 MP: 0/0
   462 | D:2      | Learned a level 1 spell: Freeze
   468 | D:2      | Reached skill level 3 in Spellcasting
   624 | D:3      | Found a sacrificial altar of Ru.
   633 | D:3      | Became a worshipper of Ru the Awakened
   670 | D:3      | Found a faded altar of an unknown god.
   793 | D:3      | Found a sparkling altar of Nemelex Xobeh.
   872 | D:3      | Reached XP level 4. HP: 13/31 MP: 0/0
  1320 | D:2      | Reached skill level 1 in Fighting
  1326 | D:2      | Reached XP level 5. HP: 15/37 MP: 0/0
  1326 | D:2      | Learned a level 2 spell: Ensorcelled Hibernation
  1349 | D:2      | Noticed Robin
  1357 | D:2      | Killed Robin
  1358 | D:2      | Reached skill level 1 in Armour
  1964 | D:1      | Gained mutation: You are hated by all. [Ru sacrifice]
  1964 | D:1      | Reached * piety under Ru
  1964 | D:1      | Reached ** piety under Ru
  2475 | D:4      | Reached XP level 6. HP: 26/42 MP: 0/0
  2650 | D:4      | Reached skill level 4 in Spellcasting
  3395 | D:4      | Found a shimmering altar of Xom.
  3590 | D:5      | Entered Level 5 of the Dungeon
  3607 | D:5      | Reached skill level 1 in Maces & Flails
  3607 | D:5      | Reached XP level 7. HP: 38/48 MP: 0/0
  3607 | D:5      | Learned a level 2 spell: Static Discharge
  3628 | D:5      | HP: 2/48 [scorpion (4)]
  3631 | D:5      | Slain by an iguana

Illustrated notes

Levels and vault maps discovered:
D:1:      dpeg_arrival_tiny_h, layout_loops_ring
D:2:      layout_basic, uniq_robin
D:3:      layout_basic, nicolae_ru_sacrificial_ziggurat,
          nemelex_diamond_rough_becter, ebering_ecumenical_altar_webs,
          minmay_misc_feat_tower
D:4:      layout_basic, grunt_temple_overflow_open, serial_rivers,
          chequers_serial_rivers_micro_c, chequers_serial_rivers_micro_c,
          chequers_serial_rivers_micro_e, chequers_serial_rivers_micro_c,
          hangedman_glass_teeth, kennysheep_path_1, kennysheep_nub
D:5:      layout_rooms, mainiacjoe_overflow_paths, mainiacjoe_overflow_alcove_1,
          supply_closet_lemuel

Skill      XL: |  1  2  3  4  5  6  7 |
---------------+----------------------+-----
Spellcasting   | 3 4 |  4.5
Stealth        | 2 |  2.6
Fighting       | 1 |  1.9
Armour         | 1 2 |  2.0
Maces & Flails | 1 |  1.1
Dodging        | 3 |  3.1
Evocations     | |  0.8

Action                     |  1- 3 |  4- 6 |  7- 9 || total
---------------------------+-------+-------+-------++-------
  Melee: Whip              |       |    63 |     4 ||    67
         Spear             |       |     1 |       ||     1
   Cast: Foxfire           |     9 |     2 |     2 ||    13
         Scorch            |    28 |    52 |     9 ||    89
         Freeze            |     4 |       |       ||     4
         Inner Flame       |     1 |    10 |       ||    11
         Static Discharge  |       |       |     1 ||     1
 Invoke: Sacrifice Love    |       |     1 |       ||     1
  Evoke: Wand              |       |     5 |       ||     5
    Use: Scroll            |     2 |     7 |       ||     9
         Potion            |       |     1 |     2 ||     3
   Stab: Sleeping          |       |     2 |       ||     2
         Invisible         |       |     1 |       ||     1
 Armour: Robe              |     7 |    18 |     1 ||    26
  Dodge: Dodged            |    20 |    72 |     4 ||    96
